AoeStats
← BurzaTJ_

Hill Fort

503926779Analyzed
3v3 RM · 28d ago on Sep 3, 2026· 47m 57s· 6 players
Game mode
Random Map
Map size
Normal (6 player)
Population
200
Speed
Normal
Resources
Standard
Victory
Conquest
Starting age
Dark Age
Ending age
Imperial Age
RankedLock teamsTeams togetherTeam positionsShared explorationLock speedFull tech treeHidden civsTurbo modeCheats
Victory
Defeat
🇳🇿 Koreans · New Zealand
1064
+16
🇧🇷 Jurchens · Brazil
1058
+17
🇺🇸 Persians · United States
1052
+17
🇨🇦 Shu · Canada
1124
-19
🇦🇷 Vikings · Argentina
1055
-40
🇺🇸 Hindustanis · United States
1033
-15
scallywag4100
7:32 Loom
10:08 Feudal Age
10:37 Double-Bit Axe
14:45 Horse Collar
20:39 Castle Age
21:50 Bow Saw
22:07 Scale Barding Armor
22:46 Bloodlines
25:26 Husbandry
27:19 Forging
29:19 Wheelbarrow
28:40 Gold Mining
30:46 Chain Barding Armor
31:09 Hand Cart
34:01 Iron Casting
37:40 Fletching
37:51 Padded Archer Armor
41:23 Imperial Age
40:31 Crossbowman
41:17 Thumb Ring
41:08 Bodkin Arrow
41:28 Leather Archer Armor
42:04 Cavalier
43:46 Blast Furnace
43:22 Plate Barding Armor
43:09 Kamandaran
43:17 Heavy Plow
48:10 Chemistry
48:45 Two-Man Saw
48:17 Crop Rotation
HomiDoMato
5:19 Loom
11:48 Feudal Age
12:17 Horse Collar
12:24 Double-Bit Axe
18:02 Castle Age
17:13 Bloodlines
17:11 Scale Barding Armor
18:04 Forging
19:12 Wheelbarrow
22:02 Husbandry
25:35 Bow Saw
26:05 Chain Barding Armor
34:11 Iron Casting
34:07 Town Watch
37:15 Hand Cart
42:13 Imperial Age
39:37 Fletching
41:32 Gold Mining
41:32 Stone Mining
42:27 Elite Steppe Lancer
44:00 Plate Barding Armor
44:44 Blast Furnace
44:59 Gold Shaft Mining
45:26 Town Patrol
45:23 Bodkin Arrow
crispyburrito
12:31 Feudal Age
12:17 Loom
15:13 Wheelbarrow
18:20 Castle Age
21:22 Fletching
22:37 Bodkin Arrow
24:42 Ballistics
33:43 Imperial Age
34:55 Guilds
35:20 Elite War Wagon
36:01 Bracer
37:09 Chemistry
37:45 Conscription
38:33 Scale Barding Armor
38:28 Scale Mail Armor
38:38 Forging
38:16 Arrowslits
38:43 Masonry
38:31 Murder Holes
41:00 Architecture
40:12 Treadmill Crane
40:57 Husbandry
42:57 Thumb Ring
43:56 Pikeman
44:37 Squires
44:24 Arson
44:56 Chain Mail Armor
46:26 Heavy Rocket Cart
Major Bedhead
10:18 Feudal Age
10:52 Loom
11:26 Loom
12:59 Fletching
13:11 Padded Archer Armor
14:16 Double-Bit Axe
18:34 Wheelbarrow
17:47 Horse Collar
21:11 Castle Age
19:39 Town Watch
20:37 Gold Mining
20:29 Horse Collar
21:18 Crossbowman
21:54 Bodkin Arrow
24:02 Leather Archer Armor
26:35 Gold Shaft Mining
27:10 Thumb Ring
30:20 Ballistics
34:18 Imperial Age
32:10 Hand Cart
33:15 Hand Cart
34:24 Arbalester
35:05 Bracer
36:48 Conscription
37:25 Ring Archer Armor
38:17 Bow Saw
40:12 Chemistry
41:09 Bolt Magazine
42:27 Elite Skirmisher
Jarl Pajeet_Singh
11:05 Feudal Age
12:12 Double-Bit Axe
19:53 Castle Age
17:49 Horse Collar
20:46 Bow Saw
20:54 Loom
20:54 Town Watch
21:46 Wheelbarrow
21:42 Heavy Plow
25:09 Hand Cart
27:11 Town Patrol
27:56 Gold Mining
29:54 Bloodlines
29:45 Husbandry
29:45 Stone Mining
33:35 Gold Shaft Mining
33:36 Stone Shaft Mining
33:44 Scale Barding Armor
34:08 Fletching
35:42 Chain Barding Armor
38:11 Forging
42:25 Iron Casting
45:53 Imperial Age
46:17 Heavy Camel Rider
47:34 Plate Barding Armor
47:59 Blast Furnace
47:32 Conscription
BurzaTJ_
8:44 Loom
12:20 Feudal Age
12:48 Double-Bit Axe
20:54 Castle Age
21:28 Town Watch
21:25 Horse Collar
21:59 Forging
22:12 Bow Saw
26:32 Heavy Plow
27:19 Iron Casting
31:28 Gold Mining
39:05 Squires
40:41 Gambesons
44:19 Scale Mail Armor
45:40 Scale Barding Armor
45:53 Chain Mail Armor
Connection lost

Rejoining the realm…

Still unreachable

The connection could not be restored.

Session expired

The server has moved on; the page needs a fresh start.